 Dungeon Crawl Stone Soup version 0.29.1-12-g30fa7ad0bf (webtiles) character file.

Game seed: 2448281903425926777

220 retardedninja the Shield-Bearer (level 5, 0/47 HPs)
             Began as a Minotaur Fighter on Jan 9, 2023.
             Slain by Crazy Yiuf
             ... wielding a +4 quarterstaff of chaos
              (5 damage)
             ... on level 3 of the Dungeon.
             The game lasted 00:02:38 (2063 turns).

retardedninja the Shield-Bearer (Minotaur Fighter)  Turns: 2063, Time: 00:02:38

Health: 0/47       AC: 11    Str: 23    XL:     5   Next: 64%
Magic:  3/4        EV:  7    Int:  5    God:
Gold:   84         SH:  4    Dex:  9    Spells: 4/4 levels left

rFire   . . .      SeeInvis .   a - +0 war axe
rCold   . . .      Faith    .   c - +0 buckler
rNeg    . . .      Spirit   .   t - +0 chain mail
rPois   .          Reflect  .   (helmet restricted)
rElec   .          Harm     .   r - +0 cloak
rCorr   .          Rampage  .   (no gloves)
Will    .....                   (no boots)
Stlth   ..........              (no amulet)
HPRegen 0.15/turn               (no ring)
MPRegen 0.09/turn               (no ring)

@: no status effects
A: horns 2, retaliatory headbutt
a: no special abilities


You were on level 3 of the Dungeon.
You visited 1 branch of the dungeon, and saw 3 of its levels.

You collected 84 gold pieces.

Inventory:

Hand Weapons
 a - a +0 war axe (weapon)
Armour
 b - a +0 scale mail
 c - a +0 buckler (worn)
 r - a +0 cloak (worn)
 t - a +0 chain mail (worn)
Jewellery
 f - a ring of magical power
 l - a ring of flight
Scrolls
 e - a scroll of immolation {unknown}
 j - a scroll of poison {unknown}
 m - a scroll of fear {unknown}
 n - 2 scrolls of identify {unknown}
 p - a scroll of enchant armour {unknown}
 q - a scroll of torment {unknown}
Potions
 d - a potion of might
 g - 3 potions of flight {unknown}
 h - 3 potions of curing {unknown}
 i - a potion of lignification {unknown}
 k - 2 potions of ambrosia {unknown}
 o - 3 potions of degeneration {unknown}
 s - a potion of berserk rage {unknown}
 u - a potion of magic {unknown}


   Skills:
 + Level 4.9 Fighting
 + Level 4.1 Axes
 + Level 5.0 Armour
 + Level 5.0 Shields


You had 4 spell levels left.
You didn't know any spells.
Your spell library contained the following spells:

 Spells                   Type           Power      Damage    Failure   Level
 Slow                     Hex            0%         N/A       99%         1
 Confusing Touch          Hex            0%         N/A       100%        3
 Vampiric Draining        Necr           0%         2d6       100%        3


Dungeon Overview and Level Annotations

Branches:
Dungeon (3/15)

Altars:
Hepliaklqana

Annotations:
D:3 Crazy Yiuf


Innate Abilities, Weirdness & Mutations

You have a pair of horns on your head.
You reflexively headbutt those who attack you in melee.


Message History

No target in view!
Found a stone staircase leading up.
Found a stone staircase leading down.
No target in view!
Key pressed, stopping explore.
No target in view!
Found a hammer.
No target in view!
Found a hammer.
Found a hammer.
No target in view!
No target in view!
You see here a +0 hammer.
Found five hammers.
Found a runed translucent door.
You see here a +0 hammer.
Found a hammer.
Crazy Yiuf shouts!
You see here a +0 hammer.
You see here a +6 hammer.
No reachable target in view!
Found three hammers.
You see here a +0 hammer.
No reachable target in view!
You open the door.
Crazy Yiuf says, "Ten verde hand!"
You slash Crazy Yiuf!
Crazy Yiuf is severely wounded.
Crazy Yiuf hits you with a +4 quarterstaff of chaos!
Crazy Yiuf freezes you.
Crazy Yiuf hits you with a +4 quarterstaff of chaos.
You feel your power leaking away.
You hit Crazy Yiuf. Your headbutt misses Crazy Yiuf.
Crazy Yiuf is severely wounded.
Crazy Yiuf hits you with a +4 quarterstaff of chaos!
You closely miss Crazy Yiuf.
Crazy Yiuf is severely wounded.
Crazy Yiuf hits you with a +4 quarterstaff of chaos!
* * * LOW HITPOINT WARNING * * *
Crazy Yiuf freezes you.
You die...

###.......#.##.#..# #...........#
#......##.#####.###...........#
#..#<...............###.......#
###.....################........#
<.#..#### ##........
......>.##♣♣♣♣♣ ###.##..#
..##.#.....)♣)♣♣♣ ### ##.##..#
.#####......)♣))♣#)))# ###.#.#..#
.# #......♣♣♣♣@g)).# #..###...#
.# ##....♣♣ ♣♣#)))# #.#.#†##.# .#
####♣♣ ### ####.###.# .##
#..###.# ..##### #.###..# †.....#
### #.# #.## ..###.# #.# #.# #.#
..# #.# #.# #.###.## ..# #.# #.#
######.##.>.#


You could see Crazy Yiuf.

Vanquished Creatures
  An iguana (D:2)
  Jessica (D:2)
  Natasha (thrice) (D:3)
  Terence (D:3)
  A worm (D:3)
  2 dart slugs (D:3)
  3 bats (D:2)
  8 endoplasms
  3 giant cockroaches
  4 goblins
  7 hobgoblins
  6 jackals (D:1)
  6 kobolds
  6 ball pythons
  2 frilled lizards (D:1)
  6 rats
60 creatures vanquished.

Vanquished Creatures (others)
  2 fungi (D:3)
2 creatures vanquished.

Grand Total: 62 creatures vanquished

Notes
Turn   | Place    | Note
-------+----------+-------------------------------------------
     0 | D:1      | retardedninja the Minotaur Fighter began the quest for the
                  | Orb.
     0 | D:1      | Reached XP level 1. HP: 19/19 MP: 0/0
   403 | D:1      | Reached XP level 2. HP: 23/27 MP: 1/1
   558 | D:1      | Reached XP level 3. HP: 33/33 MP: 2/2
   867 | D:2      | You fall into a shaft and drop 1 floor!
   872 | D:3      | Noticed Terence
   877 | D:3      | Killed Terence
   944 | D:3      | Found a hazy altar of Hepliaklqana.
   976 | D:3      | Reached XP level 4. HP: 40/40 MP: 3/3
   987 | D:3      | Noticed Natasha
   995 | D:3      | Killed Natasha
   998 | D:3      | Noticed Natasha
  1003 | D:3      | Killed Natasha
  1210 | D:2      | Noticed Jessica
  1214 | D:2      | Killed Jessica
  1215 | D:2      | Reached XP level 5. HP: 39/47 MP: 4/4
  1639 | D:2      | Found a faded altar of an unknown god.
  1831 | D:3      | Noticed Natasha
  1849 | D:3      | Killed Natasha
  1850 | D:3      | Reached skill level 5 in Shields
  1971 | D:3      | Reached skill level 5 in Armour
  2056 | D:3      | Found a runed translucent door.
  2057 | D:3      | Noticed Crazy Yiuf
  2063 | D:3      | Slain by Crazy Yiuf

Illustrated notes

Levels and vault maps discovered:
D:1:      wheals_arrival_linesprint, layout_rooms
D:2:      layout_basic, basic_ecumenical_altar, uniq_jessica
D:3:      layout_loops_ring, mainiacjoe_overflow_24_doors, uniq_terence,
          uniq_crazy_yiuf_cottage, uniq_natasha

Skill      XL: |  1  2  3  4  5 |
---------------+----------------+-----
Armour         | 4 5 |  5.0
Shields        | 4 5 |  5.0
Fighting       | 4 |  4.9
Axes           | 3 4 |  4.1

Action                   |  1- 3 |  4- 6 || total
-------------------------+-------+-------++-------
Melee: War axe           |    63 |    50 ||   113
       Headbutt          |     6 |     7 ||    13
Armor: Scale mail        |    26 |    17 ||    43
Dodge: Dodged            |    30 |    11 ||    41
Block: Buckler           |     9 |    13 ||    22
